 Dungeon Crawl Stone Soup version 0.30.0-15-g856e2d3f33 (webtiles) character file.

Game seed: 16883578903883275574

18426 sasquatch the Arsonist (level 12, -1/85 HPs)
             Began as a Demigod Fire Elementalist on May 19, 2023.
             Slain by a six-headed hydra (5 damage)
             ... on level 3 of the Lair of Beasts on May 20, 2023.
             The game lasted 00:40:20 (17110 turns).

sasquatch the Arsonist (Demigod Fire Elementalist) Turns: 17110, Time: 00:40:21

Health: -1/85      AC:  4    Str:  9    XL:     12   Next: 1%
Magic:  6/28       EV: 17    Int: 33    God:
Gold:   816        SH:  0    Dex: 14    Spells: 10/27 levels left

rFire   . . .        a - staff of conjuration
rCold   + . .        (no shield)
rNeg    . . .        V - +0 robe {rC+}
rPois   +            y - +0 helmet
rElec   .            (no cloak)
rCorr   .            (no gloves)
SInv    .            I - +0 pair of boots
Will    +....        (no amulet)
Stlth   ++           f - ring of poison resistance
HPRegen 0.34/turn    x - +5 ring of evasion
MPRegen 0.21/turn

%: no passive effects
@: no status effects
A: high MP 1, forlorn, divine attributes
a: no special abilities


You were on level 3 of the Lair of Beasts.
You visited 2 branches of the dungeon, and saw 12 of its levels.
You also visited: Bailey.

You collected 816 gold pieces.

Inventory:

Hand Weapons
 n - a +1 short sword of protection
 r - a +2 dagger of venom
 C - a +3 trident
 F - a +2 executioner's axe of flaming
 H - a +2 falchion
 S - a +0 quick blade
 Y - a +1 demon whip of venom
Missiles
 t - 8 curare-tipped darts
 w - a throwing net
 G - 2 poisoned darts
Armour
 v - a +1 leather armour of positive energy
 y - a +0 helmet (worn)
 I - a +0 pair of boots (worn)
 V - a +0 robe of cold resistance (worn)
Magical Staves
 a - a staff of conjuration (weapon)
Jewellery
 f - a ring of poison resistance (left hand)
 x - a +5 ring of evasion (right hand)
Wands
 A - a wand of paralysis (12)
 L - a wand of iceblast (12)
 U - a wand of polymorph (1)
 W - a wand of flame (16)
Scrolls
 e - 3 scrolls of vulnerability {unknown}
 l - 2 scrolls of blinking {unknown}
 s - 3 scrolls of magic mapping
 z - 3 scrolls of immolation {unknown}
 D - 3 scrolls of enchant armour
 J - 5 scrolls of noise {unknown}
 K - a scroll of butterflies {unknown}
 M - 3 scrolls of enchant weapon
 N - 3 scrolls of fog {unknown}
 O - a scroll of fear {unknown}
 R - a scroll of torment {unknown}
 X - 3 scrolls of identify
Potions
 b - a potion of magic
 c - a potion of mutation {unknown}
 d - 4 potions of heal wounds
 h - a potion of attraction {unknown}
 i - 2 potions of ambrosia {unknown}
 j - 3 potions of curing
 k - 2 potions of degeneration {unknown}
 m - a potion of berserk rage {unknown}
 o - 4 potions of lignification
 p - 5 potions of invisibility
 q - a potion of haste {unknown}
 u - 3 potions of brilliance {unknown}
 B - 4 potions of flight
 P - 3 potions of might
 Q - a potion of cancellation {unknown}
 T - 2 potions of resistance {unknown}
Miscellaneous
 E - a tin of tremorstones (2/2)


   Skills:
 + Level 2.1 Fighting
 - Level 1.7 Dodging
 - Level 1.7 Stealth
 - Level 8.0 Spellcasting
 - Level 12.0 Conjurations
 - Level 12.0 Fire Magic


You had 10 spell levels left.
You knew the following spells:

 Your Spells              Type           Power      Damage    Failure   Level
a - Foxfire               Conj/Fire      100%       2x1d9     1%          1
b - Scorch                Fire           100%       2d9       1%          2
c - Flame Wave            Conj/Fire      95%        2d20      1%          4
d - Volatile Blastmotes   Fire/Tloc      100%       2d18      1%          3
e - Inner Flame           Hex/Fire       51%        N/A       1%          3
f - Fulminant Prism       Conj/Hex       34%        3d16      3%          4

Your spell library contained the following spells:

 Spells                   Type           Power      Damage    Failure   Level
 Magic Dart               Conj           100%       1d8       1%          1
 Searing Ray              Conj           100%       2d8       1%          2
 Slow                     Hex            52%        N/A       3%          1
 Arcjolt                  Conj/Air       34%        1d44      9%          5
 Confusing Touch          Hex            13%        N/A       11%         3
 Vampiric Draining        Necr           13%        2d6       11%         3
 Vhi's Electric Charge    Tloc/Air       26%        N/A       11%         3
 Maxwell's Capacitive Co  Air            6%         ∞         100%        8


Dungeon Overview and Level Annotations

Branches:
Dungeon (9/15)             Temple (0/1) D:4            Lair (3/5) D:8
 Shoals (0/4) Lair:2        Snake (0/4) Lair:2       Bailey (visited)
    Orc: D:9-12

Shops:
D:8 *

Annotations:
D:2 Sigmund
D:8 exclusion: acid dragon, Erica, Maggie
D:9 Erolcha
Lair:1 Gastronok


Innate Abilities, Weirdness & Mutations

You have an increased reservoir of magic. (+10% MP)
You shall have no god before yourself.
Your divine heritage dramatically boosts your attributes as you level up.


Message History

A nearby fungus withers and dies.
Casting: Flame Wave (safe; 1% risk of failure)
Confirm with . or Enter, or press ? or * to list all spells.
Okay, then.
Unknown command.
Casting: Flame Wave (safe; 1% risk of failure)
Confirm with . or Enter, or press ? or * to list all spells.
Aiming: Fulminant Prism (dangerous; 3% risk of failure)
Press: ? - help, Dir - move target, p - six-headed hydra You feel a surge of power!
You conjure a prism of explosive energy!
A fulminant prism comes into view.
A nearby fungus withers and dies.
Your fulminant prism crackles loudly.
A bullfrog comes into view.
Your fulminant prism explodes!
The blast of energy engulfs the six-headed hydra!!!
The six-headed hydra is severely wounded.
You hear an angry hiss.
Casting: Fulminant Prism (dangerous; 3% risk of failure)
Confirm with . or Enter, or press ? or * to list all spells.
Aiming: Fulminant Prism (dangerous; 3% risk of failure)
Press: ? - help, Dir - move target You feel a surge of power!
You conjure a prism of explosive energy!
A fulminant prism comes into view.
The six-headed hydra attacks as you move away!
The six-headed hydra bites you!
* * * LOW HITPOINT WARNING * * *
The six-headed hydra closely misses you.
The six-headed hydra bites you!
* * * LOW HITPOINT WARNING * * *
The six-headed hydra barely misses you. The six-headed hydra bites you!
* * * LOW HITPOINT WARNING * * *
The six-headed hydra closely misses you.
Your fulminant prism crackles loudly.
The six-headed hydra attacks as you move away!
The six-headed hydra closely misses you.
The six-headed hydra bites you.
You die...

...#####......##**,,,,,**
##..)##...^#...#*,,,,,**
##............#*,*,,,*
**#..#.###.....#*,,****
#...####.......#*,,*** ***
..l###......#..##,,,,****,**
...* ###.#......#*,,,∩**,,,*
..#***,#.....*.D##*,,***,,,**
..,*,,..#P.#.#..@#**** *,,,,**
..,,,.............#** **,,,,*
,,,,,......#.##.###,*****,,,**
,,,,,,..#..#.*###*,,,,*,,,,*,*
,,,,,*####,..,** **,**,,*,,***
,,,*** *,.,,,,* ****,*****
,,,,,* *#.,,,** **,,,* ,**,**
**,**** *,,,,** ,,,,* *,,*,,**
*,,,,,**


You could see a six-headed hydra (ally target) and a friendly fulminant prism.

Vanquished Creatures
  A two-headed ogre (D:8)
  Sonja (Lair:3)
  Amaemon (Lair:1)
  A torpor snail (Lair:3)
  An orange demon (Lair:1)
  2 cane toads
  6 komodo dragons
  2 rime drakes
  A polar bear (D:8)
  12 blink frogs
  4 wyverns
  A wraith (D:5)
  A basilisk (Lair:2)
  18 yaks
  A steam dragon (D:5)
  3 nagas (Lair:2)
  An acid dragon (D:9)
  6 water moccasins
  A sky beast (D:7)
  5 ice beasts
  13 orc warriors
  2 black bears
  5 ogres
  9 wolves
  11 centaurs
  2 gnoll sergeants
  8 bullfrogs
  3 scorpions
  8 wights
  3 killer bees (D:7)
  3 howler monkeys (D:3)
  6 hounds
  A gnoll bouda (Lair:2)
  3 jellies
  3 iguanas
  9 orc wizards
  6 adders
  23 gnolls
  2 ufetubi
  5 worms
  3 dart slugs
  59 orcs
  2 ball pythons (D:3)
  2 bats
  8 endoplasms
  2 giant cockroaches
  9 goblins
  5 hobgoblins
  12 jackals (D:3)
  8 kobolds
  6 quokkas
  4 frilled lizards
  5 rats
319 creatures vanquished.

Vanquished Creatures (collateral kills)
  5 foxfires
5 creatures vanquished.

Vanquished Creatures (others)
  1271 foxfires
  12 fulminant prisms
1283 creatures vanquished.

Grand Total: 1607 creatures vanquished

Notes
Turn   | Place    | Note
-------+----------+-------------------------------------------
     0 | D:1      | sasquatch the Demigod Fire Elementalist began the quest for
                  | the Orb.
     0 | D:1      | Reached XP level 1. HP: 14/14 MP: 5/5
   227 | D:1      | Reached skill level 1 in Conjurations
   651 | D:1      | Reached XP level 2. HP: 20/20 MP: 4/7
   654 | D:1      | Learned a level 2 spell: Scorch
  1401 | D:2      | Noticed Sigmund
  1789 | D:2      | Reached XP level 3. HP: 13/26 MP: 1/8
  2197 | D:2      | Reached XP level 4. HP: 33/33 MP: 6/10
  3008 | D:3      | Reached XP level 5. HP: 38/38 MP: 3/11
  3435 | D:2      | Learned a level 4 spell: Flame Wave
  3636 | D:3      | Reached XP level 6. HP: 45/45 MP: 5/13
  4139 | D:3      | Reached skill level 5 in Fire Magic
  4803 | D:4      | Reached XP level 7. HP: 50/50 MP: 8/15
  4895 | D:4      | Learned a level 3 spell: Volatile Blastmotes
  4897 | D:4      | Found a staircase to the Ecumenical Temple.
  5573 | D:4      | You fall into a shaft and drop 3 floors!
  5573 | D:7      | Found a flagged portal.
  5579 | Bailey   | Entered a bailey
  5761 | Bailey   | Reached skill level 5 in Conjurations
  6291 | Bailey   | Reached XP level 8. HP: 57/57 MP: 10/17
  7298 | Bailey   | Reached XP level 9. HP: 53/62 MP: 9/19
  7491 | Bailey   | Reached skill level 5 in Spellcasting
  9502 | D:5      | Entered Level 5 of the Dungeon
 10061 | D:5      | Noticed a blizzard demon
 10061 | D:5      | Noticed an angel
 11222 | D:6      | Reached XP level 10. HP: 69/69 MP: 12/22
 11616 | D:7      | Learned a level 3 spell: Inner Flame
 11864 | D:8      | Noticed Erica
 11905 | D:8      | Noticed a two-headed ogre
 11911 | D:8      | Killed a two-headed ogre
 12158 | D:8      | Found a staircase to the Lair.
 12274 | D:8      | Reached skill level 10 in Fire Magic
 12478 | D:8      | Found Nupnett's General Store.
 12481 | D:8      | Noticed Maggie
 12498 | Lair:1   | Entered Level 1 of the Lair of Beasts
 12505 | Lair:1   | Reached skill level 10 in Conjurations
 12919 | Lair:1   | Noticed Gastronok
 12922 | Lair:1   | Noticed Amaemon
 13846 | D:9      | Learned a level 4 spell: Fulminant Prism
 13964 | D:9      | Identified the -1 buckler of Gravitas {rF+ rCorr Int+2}
 14221 | D:9      | Noticed Erolcha
 14409 | Lair:1   | Reached XP level 11. HP: 52/74 MP: 16/25
 14917 | Lair:2   | Noticed a death yak
 14918 | Lair:2   | Noticed a death yak
 14919 | Lair:2   | Noticed a death yak
 15097 | Lair:2   | Found a staircase to the Shoals.
 15447 | Lair:2   | Noticed a death yak
 15450 | Lair:2   | Noticed a death yak
 15459 | Lair:2   | Noticed a death yak
 15789 | Lair:1   | Killed Amaemon
 16124 | Lair:3   | Noticed Sonja
 16900 | Lair:2   | Found a staircase to the Snake Pit.
 17074 | Lair:3   | Noticed a six-headed hydra
 17077 | Lair:3   | Killed Sonja
 17080 | Lair:3   | Reached skill level 1 in Fighting
 17101 | Lair:3   | Reached XP level 12. HP: 33/85 MP: 13/28
 17109 | Lair:3   | HP: 4/85 [six-headed hydra (10)]
 17110 | Lair:3   | Slain by a six-headed hydra

Illustrated notes

Levels and vault maps discovered:
D:1:      kilobyte_arrival_exit_the_forest, layout_basic,
          minmay_stone_trees_small
D:2:      layout_basic, uniq_sigmund
D:3:      lemuel_castle_with_subvaults [lemuel_castle_interior_carwin_2],
          layout_rooms, shapermc_ecumenical_altar_pompeii,
          minmay_misc_feat_square, nrook_uturn, minmay_ruptured
D:4:      layout_basic, kennysheep_mini, nicolae_tso_swordbearing_angel,
          minmay_temple_entry_statues_fountains
D:5:      layout_basic, grunt_temple_overflow_order_and_chaos_2,
          roderic_lattice_a
D:6:      layout_loops_ring, grunt_gozag_statues,
          gammafunk_temple_overflow_pools
D:7:      layout_basic, enter_bailey_6, nicolae_concentric_dashed_squares_wild
D:8:      layout_layer_cave, nicolae_wu_jian_wuxing_cycle,
          gammafunk_temple_overflow_elements, hellmonk_lair_entry_icy,
          serial_shops, nicolae_shop_peninsula, grunt_decor_fettered,
          uniq_erica, uniq_maggie
D:9:      layout_roguey, david_orc_4, nicolae_hexahallways,
          minmay_pinched_square, uniq_erolcha
Lair:1:   layout_loops_ring, grunt_megastairs_1, uniq_amaemon, uniq_gastronok
Lair:2:   layout_cave_pods, shoals_dummy_entry, nicolae_snake_entry_squirm,
          dreamdust_deal_with_the_devil, dreamdust_gnoll_shepherd,
          infiniplex_staircase_pool_2, grunt_megastairs_2
Lair:3:   layout_misc_corridors, nicolae_volcano_entry_s_turn, uniq_sonja

Skill      XL: |  1  2  3  4  5  6  7  8  9 10 11 12 |
---------------+-------------------------------------+-----
Conjurations   | 1 2 3 4 5 7 8 10 12 | 12.0
Fire Magic     | 3 4 5 6 7 9 10 12 | 12.0
Spellcasting   | 2 3 4 5 6 8 |  8.0
Fighting       | 1 2 |  2.1
Dodging        | |  1.7
Stealth        | |  1.7

Action                     |  1- 3 |  4- 6 |  7- 9 | 10-12 || total
---------------------------+-------+-------+-------+-------++-------
  Melee: Staff             |       |       |       |     2 ||     2
         Executioner's axe |       |       |       |     1 ||     1
   Cast: Foxfire           |    66 |   180 |   334 |   148 ||   728
         Scorch            |    12 |     8 |    67 |    61 ||   148
         Flame Wave        |       |       |     4 |    27 ||    31
         Volatile Blastmot |       |       |     2 |     6 ||     8
         Fulminant Prism   |       |       |       |    13 ||    13
  Evoke: Wand              |       |       |       |     2 ||     2
    Use: Scroll            |       |       |       |    14 ||    14
         Potion            |       |       |       |     1 ||     1
 Armour: Robe              |       |     1 |     6 |    23 ||    30
  Dodge: Dodged            |    13 |    11 |    64 |    89 ||   177
